Map: Abyssal Reef LE

Players

Namshar

  • Race: Zerg Zerg
  • Spawn Location: 5:00

Arctur - Winner!

  • Race: Terran Terran
  • Spawn Location: 11:00

Event: WCS Valencia 2017

VOD

Have the link to the VOD?

Description

Time

  • Played on: July 13, 2017, 11:33 a.m.
  • Length: 10:36

All games in this series

Show
View Real Time Build Order
Export as new Build Order

Namshar Zerg 

Build Orders: Hatch First 

Get SALT Encoding   

  12  0:00  Drone  
  13  0:11  Overlord  
  13  0:16  Drone  
  14  0:30  Drone x2  
  14  0:33  Drone  
  17  0:51  Hatchery  
  17  0:54  Drone  
  18  0:57  Drone  
  18  1:07  Extractor  
  17  1:12  Spawning Pool  
  17  1:15  Drone  
  17  1:18  Drone  
  18  1:27  Drone  
  19  1:37  Overlord  
  19  1:48  Drone  
  20  1:59  Queen, Zergling x2  
  23  2:02  Roach Warren  
  23  2:04  Zergling x2  
  23  2:07  Queen  
  25  2:16  Overlord  
  25  2:34  Queen  
  27  2:43  Roach x3  
  32  2:48  Roach  
  32  2:50  Drone x2  
  36  3:09  Ravager x2  
  36  3:11  Drone x3  
  41  3:13  Overlord  
  41  3:17  Drone  
  42  3:20  Roach  
  44  3:28  Overlord  
  44  3:32  Drone x2  
  46  3:37  Roach  
  46  3:38  Drone x2  
  50  3:47  Overlord  
  50  3:48  Drone  
  50  3:49  Drone x2  
  50  3:51  Drone  
  50  3:53  Drone  
  55  4:05  Drone  
  55  4:06  Overlord x2  
  55  4:07  Drone  
  57  4:12  Drone  
  58  4:18  Hatchery  
  58  4:21  Roach  
  59  4:25  Drone x2  
  59  4:27  Drone  
  59  4:30  Drone x2  
  64  4:31  Drone  
  65  4:42  Lair  
  65  4:45  Evolution Chamber  
  64  4:46  Extractor  
  64  4:48  Extractor  
  64  4:49  Drone x3  
  65  4:56  Evolution Chamber  
  65  4:58  Metabolic Boost, Drone  
  65  4:59  Extractor  
  64  5:03  Drone  
  64  5:04  Drone x2  
  67  5:10  Roach  
  67  5:11  Drone x3  
  72  5:18  Queen  
  74  5:24  Drone  
  74  5:25  Drone x4  
  74  5:26  Drone, Overlord x2  
  78  5:37  Queen  
  78  5:41  Zerg Ground Armor Level 1  
  78  5:42  Roach x2  
  84  5:49  Roach  
  86  5:50  Glial Reconstitution  
  86  5:53  Roach x3  
  92  5:57  Overlord  
  92  5:59  Drone  
  92  6:00  Drone  
  92  6:01  Roach  
  92  6:02  Roach  
  98  6:04  Zerg Missile Weapons Level 1  
  98  6:15  Drone  
  98  6:16  Spore Crawler  
  98  6:20  Queen  
  98  6:22  Drone x2, Overlord x2  
  98  6:25  Roach x2  
  106  6:36  Drone  
  106  6:37  Infestation Pit  
  106  6:41  Extractor x2  
  106  6:45  Roach x7  
  102  6:59  Roach x8  
  95  7:02  Roach  
  89  7:09  Roach x2  
  89  7:12  Roach  
  71  7:19  Roach  
  71  7:20  Roach  
  73  7:34  Drone x7  
  80  7:41  Drone x2  
  82  7:49  Pathogen Glands  
  82  7:50  Drone x3  
  85  7:53  Queen  
  87  8:00  Queen  
  88  8:05  Drone  
  88  8:06  Drone x4  
  88  8:09  Drone  
  94  8:22  Ravager x2  
  94  8:23  Ravager  
  97  8:31  Drone x2  
  97  8:32  Drone  
  100  8:35  Drone x5  
  100  8:36  Drone  
  100  8:41  Roach x4  
  109  8:51  Overlord x3  
  109  8:56  Overlord  
  109  8:57  Overlord x2  
  109  9:03  Overlord x2  
  109  9:11  Ravager x3  
  112  9:20  Roach  
  112  9:21  Roach x8  
  126  9:26  Roach x3  
  127  9:36  Roach x3  
Show
View Real Time Build Order
Export as new Build Order

Arctur Terran - Winner!

Build Orders: MMM Bio 

Get SALT Encoding   

  12  0:00  SCV  
  13  0:12  SCV  
  14  0:19  Supply Depot  
  14  0:25  SCV  
  15  0:41  SCV  
  16  0:43  Barracks  
  16  0:46  Refinery  
  16  0:53  SCV  
  17  1:02  Barracks  
  17  1:06  SCV  
  18  1:19  SCV  
  19  1:31  Orbital Command, Reaper  
  20  1:42  Barracks  
  20  1:47  Refinery  
  20  1:49  Reaper  
  21  1:59  Supply Depot  
  21  2:02  SCV  
  21  2:06  Reaper  
  23  2:21  SCV  
  23  2:22  Reaper  
  25  2:24  Supply Depot  
  25  2:33  SCV  
  26  2:39  Reaper  
  26  2:43  Reaper  
  28  2:45  SCV  
  29  2:57  SCV  
  30  3:03  Command Center  
  30  3:08  Barracks Tech Lab  
  30  3:09  SCV  
  31  3:15  Barracks Reactor  
  31  3:16  Barracks Reactor  
  31  3:22  SCV  
  32  3:29  Stimpack, Marine  
  32  3:34  SCV  
  34  3:41  Factory  
  34  3:46  Engineering Bay  
  34  3:49  Marine  
  34  3:52  SCV  
  34  3:54  Marine x2  
  38  3:59  Marine  
  39  4:07  Supply Depot  
  39  4:15  Marine, SCV, Orbital Command  
  41  4:19  Terran Infantry Weapons Level 1  
  41  4:22  Marine  
  42  4:26  Marine x2  
  42  4:27  Marine  
  42  4:30  SCV  
  46  4:37  Starport  
  46  4:41  SCV  
  46  4:42  SCV  
  46  4:44  Factory Reactor  
  46  4:45  Marine  
  49  4:47  Marine  
  49  4:48  Marine  
  49  4:50  Marine  
  49  4:52  Marine  
  53  4:54  SCV  
  53  4:59  Supply Depot  
  54  5:01  SCV  
  54  5:02  Marine  
  54  5:06  SCV  
  57  5:15  Marine x2  
  57  5:16  Marine x2  
  57  5:18  SCV x2  
  62  5:22  Supply Depot  
  62  5:28  Marine, Medivac x2  
  66  5:32  Marine x2  
  66  5:33  Marine  
  66  5:34  Marine  
  70  5:41  Combat Shields  
  70  5:44  SCV x2  
  70  5:45  Supply Depot  
  70  5:46  Marine  
  73  5:52  Marine x4  
  73  5:56  Supply Depot  
  77  6:06  Command Center  
  77  6:08  Factory Tech Lab  
  76  6:13  Liberator  
  76  6:15  Marine  
  76  6:16  Marine x4  
  81  6:19  Terran Infantry Armor Level 1  
  81  6:22  SCV, Supply Depot  
  81  6:23  SCV  
  86  6:33  Marine x2  
  86  6:36  Marine x2  
  86  6:37  Marine  
  86  6:38  Supply Depot  
  77  7:03  Medivac  
  77  7:14  Medivac  
  77  7:15  Marine x5  
  81  7:17  SCV x2  
  81  7:26  SCV  
  81  7:27  Barracks  
  81  7:28  Barracks  
  81  7:30  Refinery  
  81  7:31  Refinery  
  81  7:32  Marine  
  81  7:33  Marine x3  
  81  7:34  Medivac  
  81  7:35  Marine  
  88  7:41  SCV x2  
  84  7:45  Siege Tank  
  84  7:50  Marine x2  
  84  7:51  Marine x2, Orbital Command  
  92  7:52  Marine  
  92  7:56  SCV  
  92  7:58  SCV  
  94  8:02  Medivac  
  96  8:08  SCV, Marine x3  
  96  8:09  Marine  
  96  8:10  Marine  
  96  8:11  Medivac  
  101  8:13  SCV  
  101  8:15  Refinery  
  101  8:17  Barracks Reactor  
  101  8:18  Supply Depot, Concussive Shells  
  101  8:19  SCV  
  103  8:20  SCV  
  103  8:23  Barracks Reactor  
  103  8:25  SCV  
  103  8:26  Marine x4  
  109  8:28  Marine  
  109  8:31  SCV  
  109  8:32  SCV  
  112  8:35  Engineering Bay, Armory  
  112  8:37  SCV  
  112  8:39  Supply Depot x2  
  110  8:43  SCV  
  110  8:44  Marine x3  
  114  8:49  Marine  
  114  8:50  Siege Tank  
  114  8:51  SCV  
  114  8:53  Supply Depot  
  119  8:55  Supply Depot  
  119  8:59  Marine x5  
  119  9:01  Marine  
  119  9:02  Marine  
  126  9:04  Medivac  
  126  9:07  Marine, Medivac  
  126  9:09  SCV x2  
  133  9:10  SCV  
  134  9:22  Siege Tank  
  133  9:27  Liberator  
  133  9:28  Liberator  
  133  9:29  Marine  
  133  9:30  Marine x3  
  137  9:34  Marine x3  
  137  9:36  Marine x2  
  139  9:47  Marine x4  
  139  9:50  SCV  
  139  9:52  Marine x3  
  144  9:53  Marine  
  144  9:54  Supply Depot  
  144  9:56  Supply Depot  
  147  10:00  Siege Tank, Marine  
  147  10:05  Marine x4  
  155  10:10  Marine  
Tags
 
Add a new tag
Caveats
  • Supply blocks, unpowered buildings, or Contaminate may cause inaccurate times.
  • Supply counts are checked every 10 seconds.